 Dungeon Crawl Stone Soup version 0.19.0 (webtiles) character file.

450374 Danakh the Executioner (level 23, -13/171 HPs)
             Began as a Gargoyle Berserker on Nov 7, 2016.
             Was a High Priest of Trog.
             Killed from afar by Boris (84 damage)
             ... with an iron shot
             ... on level 5 of the Vaults.
             The game lasted 03:05:02 (44258 turns).

Danakh the Executioner (Gargoyle Berserker)        Turns: 44258, Time: 03:05:02

Health: -13/171    AC: 61    Str: 28    XL:     23   Next: 96%
Magic:  23/23      EV:  8    Int: 13    God:    Trog [*****.]
Gold:   618        SH: 31    Dex: 12    Spells: 0 memorised, 22 levels left

rFire  + + .     SeeInvis +     n - +7 broad axe (flame)
rCold  + + +     Gourm    .     P - +8 gold dragon scales
rNeg   + . .     Faith    .     w - +0 large shield {AC+3}
rPois  ∞         Spirit   .     J - +2 helmet
rElec  +         Reflect  +     F - +1 cloak
rCorr  +         Harm     .     L - +1 pair of gloves of the Bulwark {rF+ rC+ SInv}
MR     +....                    j - +0 pair of boots
Stlth  ..........               i - brooch of Shielding {Reflect SH+8}
                                z - ring of the Lost Songs {rCorr rC+ Stlth+}
                                l - +3 ring of protection

@: agile, flying, very slightly contaminated, hasted, constricted, very quick
A: big wings, claws 1, slimy green scales 1, see invisible, clever 2, clumsy 1,
deformed body, mutation resistance 1, negative energy resistance 1, robust 1,
screaming 1, electricity resistance, weak 1, unbreathing, petrification
resistance, rot immunity, MP-powered wands, AC +17
a: Stop Flying, Berserk, Trog's Hand, Brothers in Arms, Burn Spellbooks,
Renounce Religion
}: 3/15 runes: serpentine, barnacled, abyssal


You were on level 5 of the Vaults.
You worshipped Trog.
Trog was extremely pleased with you.
You were hungry.

You visited 7 branches of the dungeon, and saw 39 of its levels.
You visited the Abyss 2 times.

You collected 5546 gold pieces.
You spent 4928 gold pieces at shops.

Inventory:

Hand Weapons
 n - a +7 broad axe of flaming (weapon)
Armour
 j - a +0 pair of boots (worn)
 w - a +0 large shield of protection (worn)
 F - a +1 cloak (worn)
 J - a +2 helmet (worn)
 L - the +1 pair of gloves of the Bulwark (worn) {rF+ rC+ SInv}
   (You found it on level 7 of the Dungeon)

   It protects you from fire.
   It protects you from cold.
   It lets you see invisible.
 P - +8 gold dragon scales (worn)
Jewellery
 i - the brooch of Shielding (around neck) {Reflect SH+8}
   (You found it on level 3 of the Lair of Beasts)

   [amulet of reflection]

   It shields you and reflects attacks.
   It affects your SH (+8).
 l - a +3 ring of protection (left hand)
 r - an uncursed ring of protection from fire
 z - the ring of the Lost Songs (right hand) {rCorr rC+ Stlth+}
   (You bought it in a shop on level 1 of the Elven Halls)

   [ring of resist corrosion]

   It protects you from cold.
   It makes you more stealthy.
Wands
 d - a wand of heal wounds (0/9)
 k - a wand of heal wounds (6/9)
 o - a wand of acid (8/15)
 u - a wand of heal wounds (5/9)
 x - a wand of lightning (11/15)
 y - a wand of acid (6/15)
 I - a wand of iceblast (12/15)
 K - a wand of digging (6/24)
 R - a wand of teleportation (1/9)
 S - a wand of iceblast (9/15)
 V - a wand of digging (7/24)
Scrolls
 a - 13 scrolls of teleportation
 m - 5 scrolls of magic mapping
 q - a scroll of silence
 t - 20 scrolls of remove curse
 v - 6 scrolls of fog
 C - 2 scrolls of blinking
 D - 7 scrolls of immolation
 G - 2 scrolls of fear
 H - 2 scrolls of summoning
 O - 7 scrolls of recharging
Potions
 f - 5 potions of curing
 g - 5 potions of heal wounds
 h - 2 potions of cure mutation
 p - 4 potions of resistance
 s - 4 potions of haste
 A - a potion of brilliance
 E - 2 potions of cancellation
 M - 5 potions of berserk rage
 Y - a potion of ambrosia
Comestibles
 b - 3 chunks of flesh
 c - 15 bread rations
 B - 17 meat rations
 Q - 11 beef jerkies
 X - 11 fruits


   Skills:
 + Level 19.8 Fighting
 * Level 22.9 Axes
 + Level 19.8 Armour
 - Level 1.5 Dodging
 + Level 19.5 Shields


You had 22 spell levels left.
You didn't know any spells.

Dungeon Overview and Level Annotations

Branches:
Dungeon (15/15)            Temple (0/1) D:5            Lair (6/6) D:8
 Shoals (4/4) Lair:2        Snake (4/4) Lair:4          Orc (2/2) D:9
    Elf (3/3) Orc:2        Vaults (5/5) D:14          Crypt (0/3) Vaults:3
 Depths (0/5) D:15
  Slime: Lair:5-6

Altars:
Ashenzari
Dithmenos
Elyvilon
Makhleb
Sif Muna

Shops:
D:4 [(%   D:7 *   D:9 !   D:14 *   Orc:2 :*(!:   Elf:1 ([[[=   Elf:3 ?
Shoals:1 :   Shoals:2 *   Snake:2 !   Snake:3 *   Vaults:2 :   Vaults:3 (
Vaults:4 !

Annotations:
D:12 1 runed door
Lair:6 exclusion: 2 oklob plants
Vaults:5 Boris


Innate Abilities, Weirdness & Mutations

You are resistant to torment.
Your stone body is resilient. (AC +17)
You are immune to poison.
Your large and strong wings let you fly indefinitely.
You resist negative energy. (rN+)
You are resistant to electric shocks. (rElec)
You can survive without breathing.
You are immune to petrification.
You are immune to rotting.
You have sharp fingernails.
You are partially covered in slimy green scales. (AC +2)
You have supernaturally acute eyesight. (SInv)
Your mind is very acute. (Int +4)
You are clumsy. (Dex -2)
Armour fits poorly on your strangely shaped body.
You are somewhat resistant to further mutation.
You are robust. (+10% HP)
You occasionally shout uncontrollably at your foes.
You are weak. (Str -2)
You expend magic power (3 MP) to strengthen your wands.


Message History

The deep elf demonologist mumbles some strange words.
Boris gestures at you while chanting. The bolt of cold hits you! You resist.
You slash the tentacled monstrosity! You burn the tentacled monstrosity.
The tentacled monstrosity is severely wounded.
You barely miss the golden dragon. You slice Boris!! You burn Boris.
The golden dragon breathes cold at you. The bolt of cold misses you.
You hear a shout! x2
Unknown command.
You slash the tentacled monstrosity! You burn the tentacled monstrosity.
The tentacled monstrosity is almost dead.
You hit Boris. You slash the golden dragon!
You block the tentacled monstrosity's attack.
The tentacled monstrosity tentacle-slaps you but does no damage.
You block the tentacled monstrosity's attack.
The tentacled monstrosity constricts you!
Boris gestures at you while chanting. The iron shot hits you!
You die...

## ..c ..# #
#..# #...#
##....# ##....
##L..# # ##CX@#
.# #4CD## ..#
.(X####e1e##...#
..φ[(1..24.....#
#)$(###..)##...#
## ##.†.##..#
##...#..#
##.....# ##....#


You could see Boris (invisible), a Hell Sentinel, a tentacled monstrosity, a
golden dragon, an Ice Fiend, a stone giant, a hell beast, an ettin, a deep elf
demonologist, an orange demon, a deep elf high priest, a yaktaur and a red
devil.

Vanquished Creatures
  Mennas (Vaults:3)
  Frederick (Vaults:3)
  Nikola (Vaults:3)
  A profane servitor (Abyss:4)
  2 bone dragons
  Rupert (Orc:2)
  A tentacled monstrosity (Abyss:5)
  Asterion (Snake:3)
  2 liches
  2 deep elf blademasters (Elf:3)
  6 tentacled starspawn
  2 titans (Vaults:5)
  A quicksilver dragon (Vaults:5)
  2 krakens
  3 sphinxes
  2 tengu reavers
  Donald (Elf:2)
  Roxanne (D:15)
  Ilsuiw (Shoals:4)
  2 fire giants
  6 nagarajas (Snake:4)
  5 deep elf sorcerers
  3 frost giants
  7 vault wardens
  A ghoul (Vaults:3)
  Aizul (Snake:3)
  5 deep elf elementalists
  13 ironheart preservers
  7 deep elf demonologists
  An entropy weaver (Vaults:4)
  6 deep elf annihilators (Elf:3)
  7 stone giants
  5 dire elephants (Lair:6)
  A blizzard demon (Abyss:5)
  4 merfolk javelineers
  7 deep elf death magi (Elf:3)
  4 ettins
  Snorg (D:11)
  3 crystal guardians
  Josephine (D:15)
  4 fire dragons
  8 merfolk impalers
  3 yaktaur captains
  Harold (Lair:4)
  8 ogre magi
  9 hydras
  2 great orbs of eyes (Vaults:3)
  2 deep elf high priests (Elf:3)
  4 great orbs of eyes (shapeshifter) (Abyss:5)
  2 ice dragons
  34 vault guards
  7 anacondas
  An alligator snapping turtle (Shoals:4)
  20 naga warriors
  6 centaur warriors
  Erica (Lair:1)
  A merfolk avatar (Shoals:1)
  6 rakshasas
  2 satyrs (Shoals:3)
  2 catoblepae
  5 merfolk aquamancers
  A death knight (Vaults:5)
  3 tengu warriors
  22 dancing weapons
  18 death yaks
  A deep troll earth mage (Vaults:5)
  31 thrashing horrors
  An orc high priest (Elf:3)
  8 naga sharpshooters
  3 soul eaters
  3 deep troll shamans
  3 shock serpents
  5 hell knights (Abyss:5)
  23 deep elf knights
  12 small abominations
  3 salamander mystics
  3 spatial maelstroms
  2 sixfirhies (Abyss:5)
  10 sea snakes
  An unseen horror (shapeshifter) (Vaults:3)
  A skeletal warrior (Vaults:3)
  6 wretched stars
  17 deep trolls
  12 unseen horrors
  A flayed ghost (Vaults:5)
  A shadow wraith (Vaults:4)
  3 glowing orange brains
  A wizard (Vaults:3)
  6 naga ritualists
  10 ironbrand convokers
  3 phantasmal warriors
  10 hill giants
  Pikel (D:7)
  12 harpies
  6 deep elf archers
  6 orc sorcerers
  An orb spider (shapeshifter) (Elf:3)
  22 ugly things
  55 deep elf magi
  10 orc knights
  A lindwurm (shapeshifter) (Abyss:5)
  A wolf spider zombie (D:13)
  6 mana vipers
  8 salamanders
  3 wolf spiders (Vaults:4)
  17 manticores
  22 fauns
  2 guardian serpents
  9 cyclopes
  A worldbinder (Abyss:4)
  4 elephants (Lair:6)
  A rust devil (Abyss:5)
  15 naga magi
  41 black mambas
  4 water nymphs
  An orange demon (Abyss:5)
  Maurice (D:8)
  A guardian serpent (shapeshifter) (Abyss:5)
  13 sirens
  An eye of devastation (Abyss:4)
  12 spiny frogs
  Psyche (D:11)
  2 apocalypse crabs (Abyss:4)
  2 gargoyles
  A torpor snail (Lair:2)
  4 smoke demons
  7 vault sentinels
  A kobold demonologist (D:15)
  An efreet (D:13)
  11 komodo dragons
  A demonic crawler (Abyss:5)
  A rime drake (Lair:5)
  12 ancient zymes
  7 freezing wraiths
  A harpy zombie (D:15)
  12 yaktaurs
  A queen bee (shapeshifter) (D:14)
  2 tengu conjurers (D:11)
  A wind drake (shapeshifter) (Vaults:2)
  30 merfolk
  13 trolls
  15 raiju
  9 slime creatures
  2 hornets
  A hornet (shapeshifter) (Elf:3)
  17 two-headed ogres
  A two-headed ogre (shapeshifter) (Vaults:1)
  2 wind drakes
  13 hippogriffs
  A blink frog (shapeshifter) (Vaults:3)
  15 blink frogs
  The ghost of dsb250 the Magician, an amateur OpWz (D:4)
  9 snapping turtles
  6 dream sheep
  A hippogriff (shapeshifter) (Elf:2)
  A redback (shapeshifter) (Vaults:5)
  4 flying skulls (Abyss:5)
  2 shadows
  7 air elementals
  2 redbacks (Vaults:4)
  A tarantella (shapeshifter) (Vaults:1)
  18 starcursed masses
  7 wraiths
  A centaur simulacrum (D:15)
  A vampire (D:14)
  A tarantella (Vaults:4)
  2 ynoxinuls
  3 wyverns
  6 fire elementals
  18 water elementals
  3 fire bats (Abyss:5)
  A yak (shapeshifter) (Vaults:4)
  A steam dragon (D:9)
  A basilisk (D:14)
  2 hill giant zombies (D:9)
  6 neqoxecs
  34 yaks
  5 hungry ghosts
  6 vampire mosquitoes
  4 chaos spawn
  6 wargs
  2 insubstantial wisps (Abyss:5)
  13 water moccasins
  2 mottled dragons
  63 nagas
  A soldier ant (D:14)
  A swamp worm (shapeshifter) (Vaults:2)
  Duvessa (D:7)
  10 porcupines
  A hornet zombie (D:9)
  A phantom (D:9)
  5 sky beasts
  A black bear (D:12)
  An eye of draining (shapeshifter) (Vaults:3)
  3 eyes of draining
  6 necrophages
  30 orc warriors
  3 slaves (D:7)
  5 ice beasts
  52 ogres
  6 wolves (Lair:1)
  10 large abominations
  7 centaurs
  14 crocodiles
  4 big kobolds
  27 bullfrogs
  An earth elemental (Elf:1)
  A wyvern zombie (D:10)
  A gnoll sergeant (D:10)
  Dowan (D:7)
  2 wyvern skeletons
  10 scorpions
  5 killer bees (D:13)
  13 wights
  6 electric eels (Lair:4)
  2 howler monkeys
  8 crimson imps
  A bullfrog zombie (D:4)
  2 quasits
  14 hounds
  6 jellies
  5 bullfrog skeletons
  3 centaur zombies
  20 orc priests
  7 centaur skeletons
  11 iguanas
  24 orc wizards
  Crazy Yiuf (D:3)
  An iron imp (Abyss:4)
  10 worker ants
  Terence (D:2)
  Natasha (thrice) (D:3 D:5)
  6 ogre zombies (D:9)
  2 hound skeletons (D:6)
  A hound zombie (D:10)
  A worker ant zombie (D:8)
  A howler monkey skeleton (D:5)
  4 gnolls (D:10)
  16 adders
  5 shadow imps
  A white imp (Abyss:4)
  An ooze (D:6)
  2 adder zombies
  6 adder skeletons
  2 worms (D:2)
  A dart slug (D:3)
  4 leopard geckos
  114 orcs
  2 giant cockroaches
  4 goblins
  11 hobgoblins
  3 jackals (D:11)
  6 quokkas
  3 bats
  5 frilled lizards
  2 goblin skeletons (D:9)
  A goblin zombie (D:9)
  A hobgoblin skeleton (D:9)
  4 hobgoblin zombies (D:9)
  2 jackal skeletons
  16 kobolds
  A leopard gecko skeleton (D:4)
  5 orc skeletons (D:9)
  12 orc zombies (D:9)
  7 rats
  A bush (Abyss:5)
  7 crawling corpses (Elf:3)
  A fungus (Lair:4)
  2 lurking horrors (Abyss:5)
  15 plants
  6 starspawn tentacles
  6 tentacles
1816 creatures vanquished.

Vanquished Creatures (collateral kills)
  A titan (Vaults:5)
  A tentacled starspawn (Abyss:5)
  A tengu reaver (Vaults:5)
  2 ironheart preservers (Vaults:5)
  An ice dragon (D:15)
  A vault guard (Vaults:5)
  A skeletal warrior (D:6)
  2 hill giants
  A deep elf mage (D:8)
  3 smoke demons (Abyss:5)
  An ancient zyme (Abyss:5)
  2 wraiths (Abyss:5)
  2 starcursed masses (Abyss:5)
  A fire bat (Abyss:5)
  A large abomination (Abyss:5)
  A small abomination (Abyss:5)
22 creatures vanquished.

Vanquished Creatures (others)
  2 deep elf master archers (Elf:3)
  4 merfolk javelineers
  A yaktaur captain (Vaults:2)
  3 satyrs (Shoals:4)
  2 naga sharpshooters
  A salamander mystic (Snake:2)
  3 deep elf magi
  2 deep elf archers
  3 cyclopes
  A faun (Shoals:1)
  3 yaktaurs
  2 merfolk
  A raiju (Abyss:5)
  A dream sheep (Shoals:4)
  A snapping turtle (Shoals:3)
  A chaos spawn (Abyss:5)
  A naga (Snake:4)
  An orc warrior (Orc:1)
  2 centaurs
  3 small abominations
  A white imp (Abyss:4)
  2 orcs (Orc:1)
  4 bushes (Abyss:5)
  7 demonic plants (Abyss:5)
  A lurking horror (Abyss:5)
  39 plants
  15 starspawn tentacles
  7 tentacles
114 creatures vanquished.

Grand Total: 1952 creatures vanquished

Notes
Turn   | Place    | Note
-------+----------+-------------------------------------------
     0 | D:1      | Danakh the Gargoyle Berserker began the quest for the Orb.
     0 | D:1      | Reached XP level 1. HP: 14/14 MP: 1/1
   149 | D:1      | Reached XP level 2. HP: 17/19 MP: 2/2
   762 | D:2      | HP: 1/28 [worm (4)]
   763 | D:2      | Reached skill level 3 in Axes
  1092 | D:2      | Reached XP level 3. HP: 16/23 MP: 3/3
  1290 | D:2      | Noticed Terence
  1305 | D:2      | Killed Terence
  1305 | D:2      | Reached XP level 4. HP: 29/29 MP: 4/4
  1610 | D:3      | Noticed Natasha
  1625 | D:3      | Killed Natasha
  1939 | D:3      | Reached XP level 5. HP: 33/33 MP: 5/5
  1961 | D:3      | Reached ** piety under Trog
  2206 | D:3      | Reached skill level 4 in Axes
  2302 | D:3      | Found a runed door.
  2306 | D:3      | Noticed Crazy Yiuf
  2310 | D:3      | Killed Crazy Yiuf
  2469 | D:4      | Reached skill level 1 in Shields
  2469 | D:4      | Reached XP level 6. HP: 36/39 MP: 6/6
  2629 | D:4      | Noticed dsb250's ghost (amateur OpWz)
  2691 | D:4      | Reached skill level 5 in Axes
  2695 | D:4      | Killed dsb250's ghost
  2695 | D:4      | Reached XP level 7. HP: 14/44 MP: 7/7
  2707 | D:4      | Reached skill level 5 in Fighting
  2922 | D:4      | Found Acsepn's Food Boutique.
  3105 | D:4      | Found Cuduarom's Antique Armour Shop.
  3118 | D:4      | Bought a pair of steaming gloves for 218 gold pieces
  3123 | D:4      | Identified the +1 pair of gloves of the Illusory Gods {*Corrode Str+2 SInv} (You bought it in a shop on level 4 of the Dungeon)
  3136 | D:4      | Found Ymouqy's Antique Weapon Shoppe.
  3196 | D:4      | Reached *** piety under Trog
  3321 | D:5      | Entered Level 5 of the Dungeon
  3346 | D:5      | Reached XP level 8. HP: 48/49 MP: 8/8
  3513 | D:5      | Found a staircase to the Ecumenical Temple.
  3525 | D:5      | Reached skill level 6 in Axes
  3525 | D:5      | Reached skill level 5 in Armour
  3736 | D:5      | Noticed Natasha
  3745 | D:5      | Killed Natasha
  3758 | D:5      | Noticed Natasha
  3773 | D:5      | Killed Natasha
  4941 | D:6      | Reached skill level 7 in Axes
  5040 | D:6      | Reached **** piety under Trog
  5047 | D:6      | Found a burning altar of Makhleb.
  5047 | D:6      | Noticed a cacodemon
  5221 | D:7      | Paralysed by fainting for 11 turns
  5262 | D:7      | Paralysed by fainting for 12 turns
  5277 | D:7      | Reached XP level 9. HP: 56/56 MP: 9/9
  5286 | D:7      | Noticed Dowan
  5303 | D:7      | Killed Dowan
  5319 | D:7      | Noticed Duvessa
  5339 | D:7      | Killed Duvessa
  5339 | D:7      | Reached skill level 5 in Shields
  5669 | D:7      | Found Puhusass's Assorted Antiques.
  5977 | D:7      | Reached skill level 8 in Axes
  6188 | D:7      | Got a pair of crude gloves
  6199 | D:7      | Identified the +1 pair of gloves of the Bulwark {rF+ rC+ SInv} (You found it on level 7 of the Dungeon)
  6311 | D:7      | Noticed Pikel
  6319 | D:7      | Killed Pikel
  6468 | D:6      | Noticed a centaur warrior
  6474 | D:6      | Noticed a yaktaur
  6485 | D:6      | Killed a centaur warrior
  6485 | D:6      | Reached skill level 9 in Axes
  6485 | D:6      | Reached XP level 10. HP: 45/64 MP: 10/10
  6576 | D:6      | Noticed a skeletal warrior
  6723 | D:6      | Killed a skeletal warrior
  7226 | D:8      | Found a staircase to the Lair.
  7561 | D:8      | Noticed Maurice
  7590 | D:8      | Killed Maurice
  7724 | D:8      | Found a shattered altar of Ashenzari.
  7896 | D:8      | Noticed a gargoyle
  7922 | D:8      | Killed a gargoyle
  7922 | D:8      | Reached skill level 10 in Axes
  7922 | D:8      | Reached XP level 11. HP: 69/69 MP: 11/11
  7923 | D:8      | Noticed a hill giant
  7926 | D:8      | Noticed a deep elf mage
  7927 | D:8      | Killed a hill giant
  7930 | D:8      | Killed a deep elf mage
  7945 | D:8      | Noticed a centaur warrior
  7950 | D:8      | Noticed an unseen horror
  8251 | D:7      | Killed an unseen horror
  8293 | D:8      | Killed a centaur warrior
  8300 | D:8      | Noticed a hill giant
  8312 | D:8      | Killed a hill giant
  8829 | D:8      | Paralysed by fainting for 11 turns
  8939 | D:9      | Reached ***** piety under Trog
  9055 | D:9      | Received a gift from Trog
  9066 | D:9      | Found Pahats's Distillery.
  9632 | D:9      | Reached skill level 11 in Axes
  9668 | D:9      | Found a staircase to the Orcish Mines.
 10028 | D:9      | Received a gift from Trog
 10354 | D:10     | Entered Level 10 of the Dungeon
 10392 | D:10     | Reached skill level 10 in Fighting
 10602 | D:10     | Reached XP level 12. HP: 77/77 MP: 12/12
 11235 | D:10     | Received a gift from Trog
 11498 | D:10     | Reached skill level 10 in Armour
 11958 | D:11     | Reached skill level 12 in Axes
 12104 | D:11     | Gained mutation: Armour fits poorly on your strangely shaped body. [mutagenic meat]
 12461 | D:11     | Noticed Psyche
 12461 | D:11     | Noticed Snorg
 12473 | D:11     | Killed Psyche
 12473 | D:11     | Reached skill level 10 in Shields
 12479 | D:11     | Killed Snorg
 12639 | D:12     | Received a gift from Trog
 12644 | D:12     | Gained mutation: Your magical capacity is low. (-10% MP) [mutagenic meat]
 12646 | D:12     | Gained mutation: You expend magic power (3 MP) to strengthen your wands. [mutagenic meat]
 12647 | D:12     | Gained mutation: Your mind is acute. (Int +2) [mutagenic meat]
 12683 | D:12     | Found a white marble altar of Elyvilon.
 12683 | D:12     | Found a runed door.
 12683 | D:12     | Noticed an angel
 12950 | Lair:1   | Entered Level 1 of the Lair of Beasts
 12971 | Lair:1   | Reached XP level 13. HP: 74/84 MP: 3/11
 13190 | D:4      | Bought a large shield for 103 gold pieces
 13190 | D:4      | Bought a pair of boots for 103 gold pieces
 13837 | Lair:1   | Noticed Erica
 13851 | Lair:1   | Killed Erica
 13916 | Lair:1   | Reached skill level 13 in Axes
 15092 | Lair:2   | Found a staircase to the Shoals.
 16592 | Lair:4   | Found a staircase to the Snake Pit.
 16596 | Lair:4   | Noticed Harold
 16640 | Lair:4   | Killed Harold
 16683 | Lair:4   | Received a gift from Trog
 16683 | Lair:4   | Gained mutation: Your large and strong wings let you fly indefinitely. [Gargoyle growth]
 16683 | Lair:4   | Reached XP level 14. HP: 84/92 MP: 4/12
 17153 | Lair:5   | Reached ****** piety under Trog
 17563 | Lair:5   | Reached skill level 14 in Axes
 18868 | Lair:6   | Entered Level 6 of the Lair of Beasts
 19787 | Lair:6   | Received a gift from Trog
 20028 | Lair:6   | Reached XP level 15. HP: 97/97 MP: 4/13
 20407 | Lair:6   | Reached skill level 15 in Axes
 21341 | D:13     | Gained mutation: You have supernaturally acute eyesight. (SInv) [mutagenic meat]
 21342 | D:13     | Gained mutation: You are partially covered in rugged brown scales. (AC +1, +3% HP) [mutagenic meat]
 22237 | D:14     | Received a gift from Trog
 22500 | D:14     | Gained mutation: Potions and wands are less effective at restoring your health. [mutagenic meat]
 22501 | D:14     | Gained mutation: You are resistant to hostile enchantments. (MR+) [mutagenic meat]
 22517 | D:14     | Found Pofaurhe's General Store.
 22662 | D:14     | Found a gate to the Vaults.
 22816 | D:14     | Gained mutation: You have a pair of small antennae on your head. [mutagenic meat]
 22976 | D:14     | Found a shadowy altar of Dithmenos.
 23043 | D:15     | Entered Level 15 of the Dungeon
 23043 | D:15     | Noticed Roxanne
 23101 | D:14     | Gained mutation: Your natural rate of healing is unusually fast. [mutagenic meat]
 23103 | D:14     | Lost mutation: You expend magic power (3 MP) to strengthen your wands. [mutagenic meat]
 23108 | D:14     | Gained mutation: You have sharp fingernails. [mutagenic meat]
 23370 | D:15     | Gained mutation: You can translocate small distances at will. [mutagenic meat]
 23448 | D:15     | Found a deep blue altar of Sif Muna.
 23528 | D:15     | Received a gift from Trog
 23595 | D:15     | Reached skill level 16 in Axes
 23595 | D:15     | Reached XP level 16. HP: 87/108 MP: 4/14
 23613 | D:15     | Found a staircase to the Depths.
 23783 | D:15     | Gained mutation: You are weak. (Str -2) [mutagenic meat]
 23784 | D:15     | Lost mutation: You have a pair of small antennae on your head. [mutagenic meat]
 24259 | D:15     | Killed Roxanne
 24293 | D:15     | Noticed Josephine
 24310 | D:15     | Killed Josephine
 24508 | Orc:1    | Entered Level 1 of the Orcish Mines
 25170 | Orc:2    | Entered Level 2 of the Orcish Mines
 25190 | Orc:2    | Found a staircase to the Elven Halls.
 25219 | Orc:2    | Found Sucekaum's Book Emporium.
 25272 | Orc:2    | Found Ziothrur's Assorted Antiques.
 25390 | Orc:2    | Received a gift from Trog
 25392 | Orc:2    | Found Fug Nues's Weapon Shoppe.
 25396 | Orc:2    | Found Ucexomim's Distillery.
 25451 | Orc:2    | Noticed Rupert
 25468 | Orc:2    | Killed Rupert
 25479 | Orc:2    | Found Daufun's Book Shoppe.
 25999 | Shoals:1 | Entered Level 1 of the Shoals
 26306 | Shoals:1 | Found Faranoi's Book Shoppe.
 26457 | Shoals:1 | Noticed a kraken
 26474 | Shoals:1 | Killed a kraken
 26589 | Shoals:1 | Reached XP level 17. HP: 115/115 MP: 15/15
 27002 | Shoals:2 | Reached skill level 17 in Axes
 27060 | Shoals:2 | Received a gift from Trog
 27224 | Shoals:2 | Noticed a kraken
 27232 | Shoals:2 | Killed a kraken
 27232 | Shoals:2 | Reached skill level 15 in Fighting
 27497 | Shoals:2 | Found Pyned Ybe's Island Escapes.
 27575 | Shoals:2 | Identified Mnoleg's Incunabulum of Summoning
 28187 | Shoals:3 | Received a gift from Trog
 28272 | Shoals:3 | Reached skill level 15 in Armour
 28761 | Shoals:4 | Entered Level 4 of the Shoals
 29083 | Shoals:4 | Noticed Ilsuiw
 29139 | Shoals:4 | Killed Ilsuiw
 29206 | Shoals:4 | Received a gift from Trog
 29291 | Shoals:4 | Reached skill level 15 in Shields
 29385 | Shoals:4 | Reached XP level 18. HP: 94/123 MP: 16/16
 29418 | Shoals:4 | Reached skill level 18 in Axes
 29593 | Shoals:4 | Got a barnacled rune of Zot
 30388 | Orc:2    | Bought a pair of spiked gloves for 323 gold pieces
 30388 | Orc:2    | Bought a shiny plate armour for 986 gold pieces
 30398 | Orc:2    | Identified the +2 pair of gloves of Uskayaw's Generosity {Str-3 Int+3 Dex+3} (You bought it in a shop on level 2 of the Orcish Mines)
 30421 | Orc:2    | Bought a dented jasper amulet for 170 gold pieces
 30789 | Shoals:1 | Lost mutation: You can translocate small distances at will. [potion of mutation]
 30789 | Shoals:1 | Lost mutation: You are partially covered in rugged brown scales. (AC +1, +3% HP) [potion of mutation]
 30790 | Shoals:1 | Gained mutation: You evolve. [potion of mutation]
 30790 | Shoals:1 | Gained mutation: You are clumsy. (Dex -2) [potion of mutation]
 30790 | Shoals:1 | Lost mutation: Your mind is acute. (Int +2) [potion of mutation]
 30791 | Shoals:1 | Lost mutation: Potions and wands are less effective at restoring your health. [potion of cure mutation]
 30791 | Shoals:1 | Lost mutation: You are resistant to hostile enchantments. (MR+) [potion of cure mutation]
 30791 | Shoals:1 | Lost mutation: You evolve. [potion of cure mutation]
 30791 | Shoals:1 | Lost mutation: Armour fits poorly on your strangely shaped body. [potion of cure mutation]
 30791 | Shoals:1 | Lost mutation: Your magical capacity is low. (-10% MP) [potion of cure mutation]
 30899 | Snake:1  | Entered Level 1 of the Snake Pit
 31545 | Snake:2  | Received a gift from Trog
 32120 | Snake:2  | Found Cearch's Distillery.
 32444 | Snake:3  | Found Nyzel's Assorted Antiques.
 32446 | Snake:3  | Noticed Aizul
 32454 | Snake:3  | Noticed Asterion
 32467 | Snake:3  | Killed Aizul
 32499 | Snake:3  | Killed Asterion
 32507 | Snake:3  | Gained mutation: Your mind is acute. (Int +2) [mutagenic meat]
 32508 | Snake:3  | Gained mutation: You have a pair of small horns on your head. [mutagenic meat]
 32509 | Snake:3  | Gained mutation: You are somewhat resistant to further mutation. [mutagenic meat]
 33089 | Snake:4  | Entered Level 4 of the Snake Pit
 33148 | Snake:4  | Received a gift from Trog
 33257 | Snake:4  | Reached XP level 19. HP: 127/127 MP: 19/19
 33301 | Snake:4  | Gained mutation: You are partially covered in slimy green scales. (AC +2) [mutagenic meat]
 33302 | Snake:4  | Gained mutation: Your mind is very acute. (Int +4) [mutagenic meat]
 33426 | Snake:4  | Reached skill level 19 in Axes
 33927 | Snake:4  | Received a gift from Trog
 34081 | Snake:4  | Got a serpentine rune of Zot
 34470 | Elf:1    | Entered Level 1 of the Elven Halls
 34504 | Elf:1    | Found Zook's Armour Shoppe.
 34599 | Elf:1    | Found Byschoik's Antique Weapon Boutique.
 34673 | Elf:1    | Found Penuskuj's Antique Armour Shoppe.
 34808 | Elf:1    | Identified the Volume of Conjuration
 34933 | Elf:1    | Found Woqigagg's Jewellery Emporium.
 34957 | Elf:1    | Found Qus Utwo's Armour Emporium.
 35244 | Elf:2    | Noticed Donald
 35251 | Elf:2    | Killed Donald
 35256 | Elf:2    | Received a gift from Trog
 35283 | Elf:2    | Found a runed gate.
 35283 | Elf:2    | Found a runed gate.
 35283 | Elf:2    | Found a runed gate.
 35836 | Elf:2    | Reached XP level 20. HP: 134/134 MP: 20/20
 36108 | Elf:2    | Received a gift from Trog
 36166 | Elf:3    | Entered Level 3 of the Elven Halls
 36422 | Elf:3    | Reached skill level 20 in Axes
 36474 | Elf:3    | Found Karudaics's Magic Scroll Shop.
 36575 | Elf:3    | Cast into level 3 of the Abyss (a deep elf sorcerer)
 36575 | Abyss:3  | Found a corrupted altar of Lugonu.
 36735 | Abyss:4  | Received a gift from Trog
 36765 | Abyss:4  | Noticed a bone dragon
 36795 | Abyss:4  | Killed a bone dragon
 36913 | Abyss:4  | Noticed a profane servitor
 36942 | Abyss:4  | Killed a profane servitor
 36951 | Abyss:5  | Entered Level 5 of the Abyss
 37057 | Abyss:5  | Noticed a bone dragon
 37064 | Abyss:5  | Received a gift from Trog
 37090 | Abyss:5  | Paralysed by accursed screaming for 1 turns
 37096 | Abyss:5  | Killed a bone dragon
 37148 | Abyss:5  | Lost mutation: You have a pair of small horns on your head. [mutagenic meat]
 37240 | Abyss:5  | Gained mutation: Armour fits poorly on your strangely shaped body. [a neqoxec]
 37242 | Abyss:5  | Reached XP level 21. HP: 95/140 MP: 21/21
 37255 | Abyss:5  | Paralysed by you for 6 turns
 37291 | Abyss:5  | Received a gift from Trog
 37638 | Abyss:5  | Gained mutation: You are robust. (+10% HP) [mutagenic meat]
 37644 | Abyss:5  | Reached skill level 21 in Axes
 37661 | Abyss:5  | Got an abyssal rune of Zot
 37680 | Elf:3    | Escaped the Abyss
 37779 | Elf:3    | Received a gift from Trog
 37808 | Elf:3    | Cast into level 2 of the Abyss (a deep elf demonologist)
 37835 | Elf:3    | Escaped the Abyss
 37979 | Elf:3    | Got a fine brass ring
 38284 | Elf:3    | Identified the ring "Sailles" {rC+ MR- MP+9 Int+2} (You took it off a deep elf death mage on level 3 of the Elven Halls)
 38345 | Elf:3    | Got an ancient spear
 38346 | Elf:3    | Identified the +5 spear "Keto" {flame, rElec rPois rF+ Int-5} (You found it on level 3 of the Elven Halls)
 38399 | Elf:3    | Identified the Tome of the Traveller and Talismans
 38831 | Elf:1    | Bought gold dragon scales for 2400 gold pieces
 38985 | D:9      | Received a gift from Trog
 39092 | D:14     | Reached XP level 22. HP: 162/162 MP: 22/22
 39108 | Vaults:1 | Entered Level 1 of the Vaults
 39740 | Vaults:1 | Received a gift from Trog
 40108 | Vaults:2 | Gained mutation: You occasionally shout uncontrollably at your foes. [mutagenic meat]
 40382 | Vaults:2 | Received a gift from Trog
 40397 | Vaults:2 | Reached skill level 22 in Axes
 40560 | Vaults:2 | Paralysed by a lich for 2 turns
 40607 | Vaults:2 | Found Etruot's Book Shop.
 40618 | Vaults:2 | Lost mutation: Your natural rate of healing is unusually fast. [mutagenic meat]
 41190 | Vaults:3 | Paralysed by a sphinx for 4 turns
 41304 | Vaults:3 | Noticed Frederick
 41304 | Vaults:3 | Noticed Nikola
 41314 | Vaults:3 | Killed Frederick
 41321 | Vaults:3 | Killed Nikola
 41726 | Elf:1    | Bought the ring of the Lost Songs {rCorr rC+ Stlth+} for 625 gold pieces
 42090 | Vaults:3 | Reached XP level 23. HP: 161/170 MP: 23/23
 42092 | Vaults:3 | Noticed Mennas
 42104 | Vaults:3 | Received a gift from Trog
 42410 | Vaults:3 | Found Roceh's Antique Weapon Emporium.
 42536 | Vaults:3 | Found a staircase to the Crypt.
 42594 | Vaults:3 | Killed Mennas
 43066 | Vaults:3 | You are sucked into a shaft!
 43687 | Vaults:4 | Received a gift from Trog
 43758 | Vaults:4 | Found Xurof's Distillery.
 44069 | Vaults:5 | Entered Level 5 of the Vaults
 44143 | Vaults:5 | Noticed an ancient lich
 44151 | Vaults:5 | Gained mutation: You expend magic power (3 MP) to strengthen your wands. [a neqoxec]
 44179 | Vaults:5 | Received a gift from Trog
 44232 | Vaults:5 | Noticed Boris
 44243 | Vaults:5 | Noticed a golden dragon
 44258 | Vaults:5 | Killed from afar by Boris

Skill      XL: |  1  2  3  4  5  6  7  8  9 10 11 12 13 14 15 16 17 18 19 20 21 22 23 |
---------------+----------------------------------------------------------------------+-----
Axes           | 3 4 5 7 9 10 11 12 13 14 16 17 18 19 20 21 22 | 22.9
Armour         | 3 4 6 7 8 9 10 11 12 13 14 15 16 17 18 19 | 19.8
Fighting       | 4 5 6 7 8 10 11 12 13 14 15 16 17 18 19 | 19.8
Shields        | 1 2 3 4 6 7 8 10 11 12 13 14 15 16 17 18 19 | 19.5
Dodging        | |  1.5

Action                   |  1- 3 |  4- 6 |  7- 9 | 10-12 | 13-15 | 16-18 | 19-21 | 22-24 || total
-------------------------+-------+-------+-------+-------+-------+-------+-------+-------++-------
Melee: Hand axe          |   102 |   145 |   624 |  1385 |  1903 |   279 |       |       ||  4438
       Scimitar          |       |       |       |       |    74 |       |       |       ||    74
       Broad axe         |       |       |       |       |       |  1392 |  1378 |   886 ||  3656
       Headbutt          |       |       |       |       |       |    34 |   157 |       ||   191
Invok: Berserk           |     2 |     4 |     5 |     7 |     4 |       |     1 |       ||    23
       Brothers in Arms  |       |       |       |     2 |       |     1 |     3 |     3 ||     9
       Trog's Hand       |       |       |       |     1 |     2 |       |    12 |     7 ||    22
 Abil: Fly               |       |       |       |       |     1 |       |       |       ||     1
Evoke: Wand              |       |       |       |     1 |       |       |     4 |     5 ||    10
  Use: Scroll            |       |       |       |       |       |    38 |    16 |     3 ||    57
       Potion            |       |       |       |       |       |     3 |     4 |     8 ||    15
 Stab: Paralysed         |       |       |       |       |       |       |     2 |       ||     2
  Eat: Chunk             |     2 |     5 |    13 |    37 |    52 |    37 |    35 |    31 ||   212
       Beef jerky        |       |     1 |       |       |       |       |       |     1 ||     2
       Pizza             |       |     1 |     1 |       |       |       |     2 |     1 ||     5
       Meat ration       |       |       |     1 |     1 |       |       |       |       ||     2
       Bread ration      |       |       |     1 |       |       |       |       |       ||     1
       Royal jelly       |       |       |       |       |     2 |       |     2 |       ||     4
       Fruit             |       |       |       |       |     2 |     6 |     3 |     3 ||    14
Armor: Animal skin       |    16 |       |       |       |       |       |       |       ||    16
       Chain mail        |    19 |    80 |   308 |    17 |       |       |       |       ||   424
       Plate armour      |       |       |       |   536 |   662 |   541 |   649 |       ||  2388
       Gold dragon scale |       |       |       |       |       |       |     4 |   443 ||   447
Dodge: Dodged            |    54 |    55 |   149 |   246 |   172 |   162 |   196 |    97 ||  1131
Block: Other             |       |    16 |       |       |       |       |       |       ||    16
       Buckler           |       |    57 |   237 |   556 |       |       |       |       ||   850
       Reflection        |       |     1 |     5 |     9 |    32 |   235 |   102 |    52 ||   436
       Large shield      |       |       |       |       |  1826 |  2122 |  1779 |  1062 ||  6789
       Rpst.: Scimitar   |       |       |       |       |     4 |       |       |       ||     4
